 Dungeon Crawl Stone Soup version 0.27.1-1-g398f81649c (webtiles) character file.

Game seed: 9911650363636123217

282 speeev33 the Skirmisher (level 6, -3/56 HPs)
             Began as a Hill Orc Fighter on Sept 13, 2021.
             Killed by divine providence
             ... invoked by an orc priest
              (13 damage)
             ... on level 3 of the Dungeon.
             The game lasted 00:02:08 (1996 turns).

speeev33 the Skirmisher (Hill Orc Fighter)          Turns: 1996, Time: 00:02:08

Health: -3/56      AC:  9    Str: 21    XL:     6   Next: 28%
Magic:  6/6        EV:  5    Int:  8    God:
Gold:   68         SH:  9    Dex: 10    Spells: 5/5 levels left

rFire    . . .     SeeInvis .   a - +0 war axe
rCold    . . .     Faith    .   c - +0 kite shield
rNeg     . . .     Spirit   .   h - +0 chain mail
rPois    .         Reflect  .   (no helmet)
rElec    .         Harm     .   (no cloak)
rCorr    .         Rampage  .   (no gloves)
Will     .....                  (no boots)
Stlth    ..........             (no amulet)
HPRegen  0.18/turn              f - +4 ring of slaying
MPRegen  0.10/turn              (no ring)

@: no status effects
A: no striking features
a: Convert to Beogh


You were on level 3 of the Dungeon.
You visited 1 branch of the dungeon, and saw 3 of its levels.

You collected 68 gold pieces.

Inventory:

Hand Weapons
 a - a +0 war axe (weapon)
Armour
 c - a +0 kite shield (worn)
 h - a +0 chain mail (worn)
Jewellery
 f - a +4 ring of slaying (left hand)
Potions
 d - a potion of might
 e - 2 potions of curing
 g - a potion of attraction


   Skills:
 + Level 5.1 Fighting
 + Level 4.8 Axes
 + Level 4.7 Armour
 + Level 4.7 Shields


You had 5 spell levels left.
You didn't know any spells.
Your spell library contained the following spells:

 Spells                   Type           Power      Damage    Failure   Level
 Freeze                   Ice            0%         1d3       100%        1
 Frozen Ramparts          Ice            0%         1d2       100%        3
 Gell's Gravitas          Tloc           0%         N/A       100%        3
 Lesser Beckoning         Tloc           0%         N/A       100%        3
 Teleport Other           Tloc           0%         N/A       100%        3
 Hailstorm                Conj/Ice       0%         3d3       100%        4


Dungeon Overview and Level Annotations

Branches:
Dungeon (3/15)

Altars:


Message History

You feel stronger.
You slash the orc!
You kill the orc!
You completely miss the orc. You block the orc's attack.
The orc hits you with a +0 mace!
You slash the orc!
You kill the orc!
You barely miss the orc. The orc hits you but does no damage.
An orc priest comes into view. It is wielding a +0 war axe.
You closely miss the orc. You barely miss the orc.
The orc priest shouts, "Join the one true god or die!" (press Y on the ability menu to convert to Beogh)
The orc priest shouts!
The orc hits you with a +0 mace. The orc hits you but does no damage.
You block the orc's attack. The orc hits you but does no damage.
The orc priest calls upon Beogh to heal the orc.
The orc's wounds heal themselves!
You barely miss the orc. The orc hits you but does no damage.
You hit the orc.
The orc is moderately wounded.
The orc hits you with a +0 hand axe.
You closely miss the orc.
The orc is moderately wounded.
You block the orc's attack.
You completely miss the orc. The orc completely misses you.
You hit the orc but do no damage. The orc hits you with a +0 mace!
* * * LOW HITPOINT WARNING * * *
You hit the orc.
The orc is almost dead.
The orc hits you with a +0 mace.
* * * LOW HITPOINT WARNING * * *
The orc hits you with a +0 mace.
* * * LOW HITPOINT WARNING * * *
You slash the orc!
You kill the orc!
You slash the orc!
You kill the orc!
The orc priest invokes the aid of Beogh against you.
Beogh smites you!
You die...

#.# #.# ..# ##.######
#.# .# .......## #.#
### #.# #)....... ...
..# #.# #o# #.# #.# #.#
#.# #.# #.# #.# #.#
#.### #.####@####.# #.#
#....
#.o..)......###)###..#.
######.................
##########.#.#..#.
#.#.#.... #.#.#†##.
#...#.##. #...#....
#........


You could see an orc priest.

Vanquished Creatures
  Sigmund (D:3)
  A water moccasin skeleton (D:3)
  3 adders (D:2)
  A worm (D:2)
  4 orcs (D:3)
  8 ball pythons
  4 endoplasms
  A giant cockroach (D:3)
  2 goblins
  3 hobgoblins (D:1)
  7 jackals (D:2)
  2 quokkas
  4 bats (D:2)
  2 frilled lizards (D:2)
  3 kobolds
  5 rats
51 creatures vanquished.

Notes
Turn   | Place    | Note
-------+----------+-------------------------------------------
     0 | D:1      | speeev33 the Hill Orc Fighter began the quest for the Orb.
     0 | D:1      | Reached XP level 1. HP: 19/19 MP: 1/1
   246 | D:1      | Reached XP level 2. HP: 27/27 MP: 2/2
   677 | D:1      | Found a faded altar of an unknown god.
  1157 | D:2      | Reached skill level 4 in Fighting
  1157 | D:2      | Reached XP level 3. HP: 20/33 MP: 3/3
  1731 | D:2      | Reached XP level 4. HP: 40/40 MP: 4/4
  1879 | D:3      | Reached XP level 5. HP: 36/47 MP: 5/5
  1970 | D:3      | Noticed Sigmund
  1978 | D:3      | Killed Sigmund
  1979 | D:3      | Reached skill level 5 in Fighting
  1979 | D:3      | Reached XP level 6. HP: 31/56 MP: 6/6
  1996 | D:3      | Killed from afar by an orc priest

Illustrated notes

Levels and vault maps discovered:
D:1:      psy_arrival_dodecagon, layout_loops_corners,
          hellmonk_ecumenical_altar_zigzags
D:2:      layout_loops_cross
D:3:      layout_loops_ring, kennysheep_orc_chapel, uniq_sigmund, uniq_jessica

Skill      XL: |  1  2  3  4  5 |
---------------+----------------+-----
Axes           | 3 4 |  4.8
Fighting       | 4 5 |  5.1
Shields        | 4 |  4.7
Armour         | 4 |  4.7

Action                   |  1- 3 |  4- 6 || total
-------------------------+-------+-------++-------
Melee: War axe           |   100 |    36 ||   136
  Use: Scroll            |     3 |       ||     3
Armor: Scale mail        |    30 |       ||    30
       Chain mail        |    15 |    20 ||    35
Dodge: Dodged            |    35 |     4 ||    39
Block: Kite shield       |    60 |    23 ||    83
